 Dungeon Crawl Stone Soup version 0.27-a0-401-gea03ee85fd (webtiles) character file.

Game seed: 1633484030868140109

1995 wampuh the Scholar of Death (level 9, -7/44 HPs)
             Began as a Vine Stalker Necromancer on Feb 21, 2021.
             Was a Follower of Kikubaaqudgha.
             Mangled by Harold
             ... wielding a +0 war axe
              (13 damage)
             ... on level 6 of the Dungeon on Feb 22, 2021.
             The game lasted 00:15:35 (7794 turns).

wampuh the Scholar of Death (VSNe)                  Turns: 7794, Time: 00:15:35

Health: -7/44      AC:  4    Str: 11    XL:     9   Next: 21%
Magic:  0/17       EV:  7    Int: 24    God:    Kikubaaqudgha [*.....]
Gold:   213        SH:  0    Dex: 15    Spells: 8/18 levels left

rFire    . . .     SeeInvis .   x - +3 dire flail (holy)
rCold    . . .     Faith    .   (shield currently unavailable)
rNeg     . . .     Spirit   +   a - +0 robe
rPois    .         Reflect  .   (no helmet)
rElec    .         Harm     .   (no cloak)
rCorr    .         Rampage  .   B - +0 pair of gloves
Will     +....                  s - +0 pair of boots
Stlth    ++++......             (no amulet)
HPRegen  1.14/turn              (no ring)
MPRegen  0.15/turn              d - +6 ring of intelligence

@: mighty, marked, held, studying Ice Magic
A: fangs 3, regeneration 1, magic shield, antimagic bite, no potion heal 3
a: Renounce Religion, Receive Corpses


You were on level 6 of the Dungeon.
You worshipped Kikubaaqudgha.
Kikubaaqudgha was aware of your devotion.
You visited 2 branches of the dungeon, and saw 8 of its levels.

You collected 410 gold pieces.
You spent 197 gold pieces at shops.

Inventory:

Hand Weapons
 x - a +3 dire flail of holy wrath (weapon)
Armour
 a - a +0 robe (worn)
 s - a +0 pair of boots (worn)
 B - a +0 pair of gloves (worn)
Jewellery
 d - a +6 ring of intelligence (right hand)
Wands
 h - a wand of acid (13)
 v - a wand of mindburst (11)
 y - a wand of polymorph (1)
 C - a wand of flame (9)
Scrolls
 e - 4 scrolls of teleportation
 i - a scroll of noise {unknown}
 j - 3 scrolls of blinking
 k - a scroll of enchant armour {unknown}
 r - a scroll of magic mapping
 t - 3 scrolls of fear {unknown}
 u - a scroll of enchant weapon {unknown}
 A - a scroll of identify
Potions
 b - 2 potions of attraction
 c - 10 potions of curing
 f - a potion of haste {unknown}
 g - 2 potions of lignification {unknown}
 l - a potion of flight {unknown}
 n - a potion of ambrosia {unknown}
 o - a potion of resistance
 p - 4 potions of heal wounds {unknown}
 q - a potion of brilliance {unknown}
 w - a potion of degeneration {unknown}
 z - a potion of cancellation {unknown}


   Skills:
 + Level 3.2 Fighting
 - Level 1.0 Polearms
 + Level 4.3 Dodging
 + Level 7.1 Stealth
 - Level 0.1 Unarmed Combat
 - Level 5.0 Spellcasting
 + Level 7.1 Necromancy
 + Level 3.2 Evocations


You had 8 spell levels left.
You knew the following spells:

 Your Spells              Type           Power        Failure   Level
a - Pain                  Necr           100%         1%          1
b - Vampiric Draining     Necr           20%          1%          3
c - Animate Dead          Necr           20%          4%          4
d - Corpse Rot            Necr/Air       N/A          3%          2

Your spell library contained the following spells:

 Spells                   Type           Power        Failure   Level
 Animate Skeleton         Necr           80%          1%          1
 Sublimation of Blood     Necr           20%          1%          2
 Passwall                 Tmut/Erth      5%           13%         2
 Wereblood                Tmut           6%           13%         2
 Agony                    Necr           40%          13%         5
 Inner Flame              Hex/Fire       6%           26%         3
 Alistair's Intoxication  Tmut/Pois      4%           94%         5
 Eringya's Noxious Bog    Tmut/Pois      3%           100%        6


Dungeon Overview and Level Annotations

Branches:
Dungeon (7/15)             Temple (1/1) D:4

Altars:
Ashenzari
Cheibriados
Elyvilon
Fedhas
Gozag
Hepliaklqana
Kikubaaqudgha
Makhleb
Nemelex Xobeh
Qazlal
Ru
Sif Muna
Uskayaw
Wu Jian
Xom
Yredelemnul
The Shining One
Beogh

Shops:
D:4 ?   D:6 ?

Annotations:
D:3 1 runed translucent door, Cancer's ghost, amateur MiBe
D:6 Harold


Innate Abilities, Weirdness & Mutations

You have razor-sharp teeth.
Your natural rate of healing is unusually fast.
When hurt, damage is shared between your health and your magic reserves.
Your bite disrupts and absorbs the magic of your enemies.
Potions cannot restore your health.


Message History

A sky beast and Harold come into view.
There is a stone staircase leading up here.
The helpless Harold fails to defend himself.
You thump Harold!
Harold is moderately wounded.
Harold points at you and mumbles some strange words.
A sentinel's mark forms upon you. Harold closely misses you.
You climb upwards.
There is a stone staircase leading down here.
You completely miss Harold.
Harold is lightly wounded.
Harold hits you with a +0 war axe!!
Casting: Animate Dead (dangerous; 4% risk of failure)
Confirm with . or Enter, or press ? or * to list all spells.
Aiming: Vampiric Draining (safe; 1% risk of failure)
Press: ? - help, Shift-Dir - straight line, f - Harold
Aim: Harold, wielding a +0 war axe, wearing a +0 chain mail and quivering a throwing net (lightly wounded) Harold is moderately wounded.
You feel life coursing into your body. Harold hits you with a +0 war axe!!
Okay, then.
Harold hits you with a +0 war axe!
* * * LOW HITPOINT WARNING * * *
Okay, then.
You don't have enough magic at the moment.
You feel very mighty all of a sudden.
Harold throws a throwing net.
The throwing net hits you.
You become entangled in the net!
You see here a throwing net.
Casting: Vampiric Draining (safe; 1% risk of failure)
Confirm with . or Enter, or press ? or * to list all spells.
Aiming: Pain (safe; 1% risk of failure)
Press: ? - help, Shift-Dir - straight line, f/p - Harold
Aim: Harold, wielding a +0 war axe and wearing a +0 chain mail (moderately wounded, chance to affect: 54%) Harold resists with significant effort.
You struggle against the net.
Harold hits you with a +0 war axe!
* * * LOW HITPOINT WARNING * * *
You tear a large gash into the net.
Harold hits you with a +0 war axe!
You die...
Kikubaaqudgha rasps: "You have failed me!
Welcome... death!"

#...##.# ##..#.....#.....##
#......###..#.............##
..####..##.#...........>...#
.#####.....................#
.......#...................#
#####...>..........(.......#
###.#.....(............#
#....................#
##.......@@.........##
##......>...#.....##
####...##..##########
####....#.##.##
##....####.##.#
#..#####......#
##.######....### ...#
#....#.## .#####.##.#.#


You could see Harold.

Vanquished Creatures
  Pikel (D:5)
  Grinder (D:6)
  Edmund (D:6)
  A necrophage (D:5)
  An ogre (D:5)
  A lemure (D:5)
  A scorpion (D:4)
  A howler monkey (D:5)
  A bullfrog zombie (D:5)
  A centaur zombie (D:6)
  3 hounds
  2 bullfrog skeletons
  3 orc priests
  A centaur skeleton (D:4)
  Ijyb (D:5)
  4 iguanas
  An orc wizard (D:6)
  3 worker ants
  A hound skeleton (D:6)
  15 gnolls
  8 adders
  2 white imps
  An ufetubus (D:5)
  An adder skeleton (D:5)
  2 worms (D:5)
  5 dart slugs
  10 leopard geckos
  23 orcs
  A ball python (D:2)
  9 bats
  8 giant cockroaches
  4 goblins
  4 hobgoblins
  19 jackals
  6 kobolds
  3 quokkas
  A ball python skeleton (D:4)
  6 frilled lizards
  11 rats
168 creatures vanquished.

Vanquished Creatures (collateral kills)
  An orc wizard (D:6)
  4 orcs (D:6)
5 creatures vanquished.

Vanquished Creatures (others)
  An orc wizard (D:6)
1 creature vanquished.

Grand Total: 174 creatures vanquished

Notes
Turn   | Place    | Note
-------+----------+-------------------------------------------
     0 | D:1      | wampuh the Vine Stalker Necromancer began the quest for the
                  | Orb.
     0 | D:1      | Reached XP level 1. HP: 9/9 MP: 4/4
   463 | D:1      | Reached XP level 2. HP: 11/13 MP: 3/6
   959 | D:1      | Found a broken altar of Ashenzari.
  1118 | D:1      | Reached XP level 3. HP: 12/16 MP: 4/8
  1814 | D:2      | Reached skill level 1 in Polearms
  1814 | D:2      | Gained mutation: Your natural rate of healing is unusually
                  | fast. [Vine Stalker growth]
  1814 | D:2      | Reached XP level 4. HP: 18/21 MP: 5/9
  2177 | D:2      | Reached skill level 5 in Necromancy
  2285 | D:2      | Reached XP level 5. HP: 20/24 MP: 4/10
  2350 | D:2      | Learned a level 3 spell: Vampiric Draining
  2470 | D:2      | Found a white marble altar of Elyvilon.
  3101 | D:3      | Found a runed translucent door.
  3107 | D:3      | Noticed Cancer's ghost (amateur MiBe)
  3738 | D:4      | Reached XP level 6. HP: 28/28 MP: 8/12
  4001 | D:4      | Found Tytadol's Magic Scroll Shop.
  4322 | D:4      | Found a staircase to the Ecumenical Temple.
  4353 | Temple   | Entered the Ecumenical Temple
  4592 | Temple   | Became a worshipper of Kikubaaqudgha
  4875 | D:4      | Reached XP level 7. HP: 31/32 MP: 4/14
  5045 | D:5      | Entered Level 5 of the Dungeon
  5064 | D:5      | Reached skill level 5 in Stealth
  5065 | D:5      | Got a pitted mace
  5066 | D:5      | Identified the +2 mace of the Orcish Mines {flame, Dex+3}
                  | (You found it on level 5 of the Dungeon)
  5334 | D:5      | Reached skill level 1 in Fighting
  5381 | D:5      | Reached skill level 1 in Evocations
  5423 | D:5      | Identified Kadois's Compendium of the Mutagenic Volcanoes
  5435 | D:5      | Gained mutation: You have razor-sharp teeth. [Vine Stalker
                  | growth]
  5435 | D:5      | Reached XP level 8. HP: 28/37 MP: 9/15
  5450 | D:5      | Learned a level 4 spell: Animate Dead
  5745 | D:5      | Got a steaming lapis lazuli ring
  5954 | D:5      | Found an ornate altar of the Wu Jian Council.
  5954 | D:5      | Noticed Ijyb
  5962 | D:5      | Killed Ijyb
  6215 | D:6      | Noticed Pikel
  6267 | D:6      | Reached * piety under Kikubaaqudgha
  6267 | D:6      | Identified Kikubaaqudgha's Grimoire of Necromancy
                  | (Kikubaaqudgha gifted it to you on level 6 of the Dungeon)
  6267 | D:6      | Received a gift from Kikubaaqudgha
  6392 | D:6      | Learned a level 2 spell: Corpse Rot
  6493 | D:6      | Noticed Grinder
  6516 | D:6      | Killed Grinder
  6576 | D:6      | Found Haan's Magic Scroll Emporium.
  6585 | D:6      | Bought a scroll of identify for 22 gold pieces
  6585 | D:6      | Bought a scroll of identify for 22 gold pieces
  6586 | D:6      | Identified the ring "Latut" {Fire rN+} (You found it on
                  | level 5 of the Dungeon)
  6592 | D:6      | Bought a scroll of blinking for 82 gold pieces
  6592 | D:6      | Bought a scroll of teleportation for 33 gold pieces
  6592 | D:6      | Bought a scroll of magic mapping for 38 gold pieces
  6600 | D:6      | Noticed Edmund
  6628 | D:6      | Killed Edmund
  6797 | D:6      | Reached skill level 5 in Spellcasting
  6842 | D:6      | Found a runed translucent door.
  7006 | D:5      | Killed Pikel
  7007 | D:5      | Reached XP level 9. HP: 15/44 MP: 8/17
  7194 | D:6      | Found a shimmering altar of Xom.
  7655 | D:6      | Found a roughly hewn altar of Beogh.
  7783 | D:7      | Noticed Harold
  7794 | D:6      | Mangled by Harold

Illustrated notes

Levels and vault maps discovered:
D:1:      dpeg_arrival_short_road, layout_loops_ring, grunt_decor_arrowhead,
          minivault_27, evilmike_ruin_ashenzari
D:2:      layout_basic, overflow_temple_1_default
D:3:      layout_basic, ebering_ghost_sewer_d, gup_sewer_entry_pipe
D:4:      layout_loops_cross, minmay_temple_entry_mist, serial_shops,
          nicolae_shop_crystal
D:5:      layout_cave_pods, nicolae_overflow_crystal_walls,
          minmay_manual_monolith, uniq_ijyb
D:6:      layout_rooms, kennysheep_mini, serial_shops, shop,
          lightli_church_of_beogh, uniq_grinder, uniq_pikel, uniq_edmund
D:7:      minmay_chambers_of_sevens, layout_basic, uniq_harold, uniq_menkaure
Temple:   regret_index_temple_generic_petals

Skill      XL: |  1  2  3  4  5  6  7  8  9 |
---------------+----------------------------+-----
Polearms       | 1 |  1.0
Spellcasting   | 3 4 5 |  5.0
Stealth        | 3 4 5 6 7 |  7.1
Necromancy     | 5 6 7 |  7.1
Dodging        | 2 3 4 |  4.3
Fighting       | 1 3 |  3.2
Evocations     | 1 3 |  3.2
Unarmed Combat | |  0.1

Action                   |  1- 3 |  4- 6 |  7- 9 || total
-------------------------+-------+-------+-------++-------
Melee: Unarmed           |    12 |       |     7 ||    19
       Bite              |     4 |    31 |    51 ||    86
       Spear             |    18 |   174 |     1 ||   193
       Punch             |       |     1 |       ||     1
       Mace              |       |       |   123 ||   123
       Dire flail        |       |       |    86 ||    86
 Cast: Pain              |    37 |    68 |    35 ||   140
       Vampiric Draining |       |     6 |    10 ||    16
       Animate Dead      |       |       |     5 ||     5
Invok: Receive Corpses   |       |       |     2 ||     2
  Use: Scroll            |       |       |     4 ||     4
       Potion            |       |       |     2 ||     2
 Stab: Sleeping          |     2 |    11 |     6 ||    19
       Confused          |       |       |     1 ||     1
Armor: Robe              |    10 |    34 |    48 ||    92
Dodge: Dodged            |    12 |   124 |   201 ||   337

Table legend: (Time is in decaauts)
 A = Elapsed time spent in this place.
 B = Non-inter-level travel time spent in this place.
 C = Inter-level travel time spent in this place.
 D = Time resting spent in this place.
 E = Time spent auto-exploring this place.
 F = Levels seen in this place.
 G = Mean time per level.
                   A        B        C        D        E       F      G
               +--------+--------+--------+--------+--------+-----+--------+
         Total |   7895 |   7586 |    309 |   1241 |   4880 |   8 |  986.9 |
       Dungeon |   7629 |   7347 |    282 |   1241 |   4649 |   7 | 1089.9 |
        Temple |    265 |    239 |     26 |      0 |    231 |   1 |  265.0 |
               +--------+--------+--------+--------+--------+-----+--------+

Top non-repeatable levels by time:
     D:1: 1515 daAuts
     D:5: 1422 daAuts
     D:6: 1396 daAuts
     D:2: 1240 daAuts
     D:4: 1064 daAuts
     D:3: 986 daAuts
  Temple: 265 daAuts
     D:7: 3 daAuts
